[Event "German Bundesliga 2021-22"]
[Site "Germany"]
[Date "2022.04.10"]
[Round "4.15"]
[White "Hess, Max"]
[Black "Parvanyan, Ashot"]
[Result "1-0"]
[ECO "A28"]
[WhiteElo "2395"]
[BlackElo "2462"]
[Annotator "TA"]
[PlyCount "55"]
[EventDate "2022.03.05"]
[EventType "team-tourn"]
[EventCountry "GER"]
[SourceTitle "playchess.com"]
[Source "ChessBase"]
[SourceQuality "1"]
[TimeControl "40/5400+30:1800+30"]

1. c4 Nf6 2. Nc3 e5 3. Nf3 Nc6 4. e3 Bb4 5. Qc2 O-O 6. Be2 {[%emt 0:06:02] A28: English Opening: Four Knights Variation.} Re8 7. O-O d5 (7... Bxc3 $11 8. bxc3 b6) 8. cxd5 $16 {[%emt 0:06:02] White is better.} Nxd5 9. Nxd5 Qxd5 10. Ng5 e4 11. f4 {[%emt 0:02:35] And now Bc4 would win.} Re7 (11... Qc5 $14 12. Bc4 (12. Qb3 Re7 $16) 12... Be6 13. Nxe6 Rxe6) 12. Bc4 Qf5 13. d3 {[%emt 0:02:08] [#]} exd3 $146 (13... Qg6 $16) ({Predecessor:} 13... Na5 14. dxe4 Qc5 15. e5 g6 16. Bd3 Qxc2 17. Bxc2 Rd7 18. Ne4 Rd8 19. a3 Be7 {½-½ (44) Palacios,E (2186)-Pena Morales,H (2147) Lima 2013}) 14. Bxd3 $18 Qc5 15. Bxh7+ Kf8 16. Qf2 Qd6 17. Bc2 Qh6 {[%emt 0:00:03] [#]} 18. e4 $1 Ba5 19. Be3 {[%emt 0:02:28] Against Nd4} Bb6 20. Rad1 ({But not} 20. Bc5 $6 Nb4 $16) 20... Bg4 21. Rd2 Rae8 (21... Rd8 $142 22. Bxb6 Rxd2 23. Qxd2 axb6) 22. Bxb6 axb6 23. h3 Bc8 24. e5 f6 $2 (24... Rd8 {was necessary.} 25. Rxd8+ Nxd8) 25. Qg3 {[%emt 0:07:23] Hoping for Nh7+. White is clearly winning.} Qh5 (25... f5 $142 26. Rfd1 Be6) 26. Nh7+ Kf7 27. Bb3+ Be6 {[%emt 0:00:26] [#]} 28. f5 $1 {[%emt 0:00:10] Black got outplayed after the opening.  Weighted Error Value: White=0.05 (flawless) /Black=0.33} 1-0

[Event "German Bundesliga 2021-22"]
[Site "Germany"]
[Date "2022.04.10"]
[Round "4.15"]
[White "Hoffmann, Paul"]
[Black "Reuker, Jari"]
[Result "0-1"]
[ECO "B19"]
[WhiteElo "2378"]
[BlackElo "2425"]
[Annotator "TA"]
[PlyCount "154"]
[EventDate "2022.03.05"]
[EventType "team-tourn"]
[EventCountry "GER"]
[SourceTitle "playchess.com"]
[Source "ChessBase"]
[SourceQuality "1"]
[TimeControl "40/5400+30:1800+30"]

1. e4 c6 2. d4 d5 3. Nc3 dxe4 4. Nxe4 Bf5 5. Ng3 Bg6 6. Nf3 Nd7 7. h4 h6 8. h5 Bh7 9. Bd3 Bxd3 10. Qxd3 e6 11. Bf4 Qa5+ {[%emt 0:00:00] B19: Classical Caro-Kann: 4...Bf5 main line.} 12. Bd2 Bb4 13. c3 Be7 {[%emt 0:00:00] The position is equal.} 14. c4 Qa6 15. O-O Ngf6 16. a4 c5 17. Rfe1 O-O {[%emt 0:05:26] [#]} 18. b4 $146 (18. Nf5 $11 exf5 19. Rxe7) ({Predecessor:} 18. Qc3 Bd6 19. dxc5 Bxg3 20. fxg3 Qc6 21. b4 a5 22. Qa3 Nxh5 23. Nd4 Qc7 24. Qf3 {½-½ (54) Arakhamia Grant,K (2452)-Purtseladze,M (2311) Kishinev 2005}) 18... cxb4 $15 19. Qb3 (19. Nf5 $1 $15 Bd6 20. Nxd6 Qxd6 21. a5) 19... Rfc8 $17 20. Rec1 Bd6 21. Bxb4 Bxg3 22. fxg3 Nxh5 23. g4 Nf4 24. Rc2 {[%emt 0:00:03] Against Ne2+} Nf6 25. Bd2 Ng6 26. g5 hxg5 27. Bxg5 Ne4 28. Re1 Qc6 29. Bc1 (29. c5 $15) 29... Nd6 (29... Nf6 $17 30. a5 Rc7) 30. c5 (30. Ng5 $11) 30... Nf5 (30... Ne4 $17) 31. g4 Nfe7 (31... Nfh4 $15 32. Nxh4 Nxh4) 32. Ng5 $11 Qd5 33. Qh3 $36 {[%emt 0:00:27][%mdl 2048] Black is under pressure.} e5 $2 (33... Nf8 $1 $11 {and Black is okay.}) 34. dxe5 $2 (34. Rf2 $18 Nf8 35. Rxe5) 34... Rxc5 $2 (34... Kf8 $2 35. Rf2 Rc6 36. Nxf7 $18) (34... Nf8 $16 {was necessary.}) 35. Rf2 $18 Rxc1 36. Rxc1 Nxe5 (36... Nf8 {was worth a try.} 37. Rxf7 Neg6) 37. Qh7+ Kf8 38. Rcf1 f6 $2 {[%emt 0:01:15] [#]} (38... Re8 39. Qh5 Kg8 40. Qh7+ (40. Nxf7 Nxf7 41. Qxf7+ Qxf7 $18) (40. Re1 N7g6 $11) 40... Kf8 41. Nxf7 Nxf7 42. Rxf7+ Qxf7 43. Qh8+ (43. Rxf7+ Kxf7 44. Qb1 Rb8 $18) 43... Ng8 44. Rxf7+ Kxf7 45. Qh5+ g6 46. Qh7+ Kf8 47. Qxb7 Re7 48. Qc8+ Kg7) 39. Qh5 $2 (39. Rxf6+ $1 $18 gxf6 40. Qh8+ Ng8 41. Rxf6+ Ke8 42. Re6+ Kf8 43. Rxe5 Qd1+ 44. Kh2 Qxg4 45. Qh7 Qf4+ 46. Kg2 Qg4+ 47. Kh1 Qd1+ 48. Kh2 Qd2+ 49. Kg3 Qc3+ 50. Nf3) 39... N7g6 $11 40. Qh3 (40. Nf3 $11 {keeps the balance.}) 40... Re8 (40... Rc8 $1 $17 {[%cal Rc8c4] And now ...Rc4 would win.} 41. Qg2 Qb3) 41. Qc3 Kg8 42. Nf3 (42. Rd2 $5 Qc4 43. Qxc4+ Nxc4 44. Rd4 $15) 42... Nxg4 {[%emt 0:00:00] Pair of Knights!} 43. Rd2 Qh5 44. Qc4+ Kh7 45. Qb5 N6e5 46. Qxb7 Nc4 (46... Qg6 $15 47. Nxe5 Rxe5) 47. Rd7 $2 (47. Qd5 $1 $11 {and White stays safe.} Qg6 48. Nh4) 47... Qh6 $1 $19 {[%emt 0:01:13] Chess con chili.} 48. Qc7 (48. Re7 Rxe7 49. Qxe7 Nce3) (48. Rfd1 {keeps fighting.} Nge3 49. Kf2 Nxd1+ 50. Rxd1 Qe3+ 51. Kg3) 48... Nce3 49. Re1 Re5 $2 50. Rxg7+ $1 $11 Qxg7 51. Qxg7+ Kxg7 52. Nxe5 fxe5 53. Rc1 {[%emt 0:00:37] Against Nc4} Kf6 54. Rc7 e4 55. Rxa7 Nd5 {[%emt 0:01:41] Threatens to win with ...e3.} 56. Rh7 e3 57. Kf1 Nf4 58. a5 Kf5 (58... e2+ $15 59. Ke1 Ne5) 59. a6 {[%emt 0:00:28][%mdl 1024] Black must now prevent Rf7+. White has compensation.} e2+ 60. Ke1 {[%emt 0:00:08] a7 is the strong threat.} Ne5 61. Rh1 (61. Re7 $11 Nc6 62. a7 (62. Rc7 Nb4 $11) 62... Nxa7 63. Rxa7) 61... Ke4 $15 {[%emt 0:00:40] ( -> ...Ke3)} 62. Kf2 $2 (62. a7 $2 {leads to mate.} Ke3) (62. Kd2 $1 $15) 62... Ned3+ $19 63. Kg3 {[%emt 0:00:16] aiming for a7.} Nd5 ({Weaker is} 63... Nh5+ 64. Kh4 Nhf4 65. a7 e1=Q+ 66. Rxe1+ Nxe1 67. a8=Q+ $18) 64. a7 Nb6 65. Rb1 {[%emt 0:01:06] [#]} Na8 $1 66. Kh2 Kf3 67. Ra1 Ke3 68. Kg3 Nc7 $2 (68... e1=R $19 69. Rxe1+ Nxe1) 69. Kg2 $11 Na8 $2 (69... Kf4 $11) 70. Kg3 $19 Nb6 $2 (70... e1=Q+ $19 71. Rxe1+ Nxe1) 71. Kg2 $1 $11 Nf4+ 72. Kg3 Nfd5 {[%emt 0:00:18] Hoping for ...Na8.} 73. Ra3+ $2 {[%emt 0:00:26][%mdl 8192] [#]} (73. a8=Q $11 Nxa8 74. Re1) 73... Nc3 $1 {[%emt 0:00:43][%mdl 512] Black mates.} 74. Ra1 (74. Rxc3+ Kd2) 74... Nd1 75. Ra3+ Kd4 76. Ra4+ Kd5 77. Ra5+ Kd6 {[%emt 0:00:15] Both players deserved the win here.  Weighted Error Value: White=0.47/Black=0.41} 0-1

[Event "German Bundesliga 2021-22"]
[Site "Germany"]
[Date "2022.04.10"]
[Round "4.15"]
[White "Hainke, Guntram"]
[Black "Meier, Georg"]
[Result "1/2-1/2"]
[ECO "A40"]
[WhiteElo "2302"]
[BlackElo "2631"]
[Annotator "TA"]
[PlyCount "90"]
[EventDate "2022.03.05"]
[EventType "team-tourn"]
[EventCountry "GER"]
[SourceTitle "playchess.com"]
[Source "ChessBase"]
[SourceQuality "1"]
[TimeControl "40/5400+30:1800+30"]

1. d4 e6 2. c4 b6 3. e4 Bb7 4. Bd3 Bb4+ 5. Bd2 Bxd2+ 6. Qxd2 {[%emt 0:00:00] A40: Unusual replies to 1 d4.} Nh6 {[%emt 0:00:00] [#]} 7. Ne2 $146 ({Predecessor:} 7. Nf3 f6 8. Nc3 Nf7 9. O-O Nc6 10. Rfe1 Ng5 11. Nxg5 fxg5 12. Ne2 Qf6 13. e5 {½-½ (23) Ragger,M (2668)-Graf,F (2493) Germany 2013}) 7... O-O 8. O-O {[%emt 0:03:36] White is slightly better.} f5 9. Nbc3 Nc6 10. exf5 Nxf5 11. Bxf5 Rxf5 12. Ng3 Rf7 13. d5 Ne5 14. dxe6 dxe6 15. Qe2 Ng6 16. Rad1 (16. Qxe6 $2 Nf4 17. Qg4 Bxg2 $19) 16... Qg5 {[%emt 0:10:44] [#] White must now prevent ...Nf4.} 17. Nce4 (17. Qxe6 $2 Nf4 18. Nce4 (18. h4 $2 Qxh4 19. Rd4 Nh3+ 20. Qxh3 Qxd4 $19) 18... Nxe6 $19) 17... Qe5 18. f3 (18. Rfe1 {looks sharper.} Raf8 19. Qd2 h5 20. Ng5) 18... Nf4 (18... h5 {feels hotter.} 19. Nc3 h4 20. Nge4 h3) 19. Qd2 Raf8 20. b3 g5 21. Rfe1 (21. Qc3 $11 Qxc3 22. Nxc3) 21... h6 (21... Qg7 $1 $15 22. h3 h5) 22. Nf2 $36 {[%emt 0:00:47][%mdl 2048] White is more active. Pair of Knights!} Qg7 23. Ng4 h5 (23... Re7 $11) 24. Ne5 $14 Re7 25. Qe3 g4 (25... h4 $14) 26. Rd4 $16 Qf6 (26... Qg5 $142) 27. Rxf4 Qxf4 28. Qxf4 Rxf4 29. Ng6 Rff7 30. Nxe7+ Rxe7 31. fxg4 ({Don't take} 31. Nxh5 gxf3 32. Nf4 fxg2 $14) 31... hxg4 {[%emt 0:00:08][%mdl 4096] Endgame KRB-KRN} 32. Nf5 Rd7 $11 33. Rxe6 Kf7 34. Re2 {[%emt 0:00:30] aiming for Nh6+. &Bianco is more active.} Kf6 35. Ne3 Kg5 36. Kf2 Kf4 37. g3+ Kg5 38. Ng2 Bf3 39. Rc2 Kf5 40. Ne3+ Ke4 41. Nf1 Rf7 {[%emt 0:00:00] [#] And now ...Bd1+ would win.} 42. Rd2 Bh1+ 43. Kg1 {[%emt 0:00:00] Threatens to win with Rd1.} Bf3 {[%emt 0:00:00] Against Rd1} 44. Kf2 Bh1+ 45. Kg1 (45. Ke1 $11 {should be considered.}) 45... Bf3 {[%emt 0:00:00] Weighted Error Value: White=0.14 (very precise) /Black=0.15 (very precise)} 1/2-1/2

[Event "German Bundesliga 2021-22"]
[Site "Germany"]
[Date "2022.04.10"]
[Round "4.16"]
[White "Doettling, Fabian"]
[Black "Rudolph, Eva"]
[Result "1-0"]
[ECO "D38"]
[WhiteElo "2587"]
[BlackElo "1801"]
[Annotator "TA"]
[PlyCount "82"]
[EventDate "2022.03.05"]
[EventType "team-tourn"]
[EventCountry "GER"]
[SourceTitle "playchess.com"]
[Source "ChessBase"]
[SourceQuality "1"]
[TimeControl "40/5400+30:1800+30"]

1. d4 d5 2. Nf3 Nf6 3. c4 e6 4. Nc3 Bb4 5. Qa4+ Nc6 6. e3 Bd7 {[%emt 0:00:00][%cal Oc6d4] D38: Queen's Gambit Declined: Ragozin Defence (4 Nf3 Bb4).} 7. Qc2 O-O 8. a3 Bxc3+ {[%emt 0:05:59] White has an edge.} 9. Qxc3 Ne4 10. Qc2 {[%emt 0:00:37] [#]} Kh8 $146 ({Predecessor:} 10... Be8 11. Bd3 f5 12. b4 a6 13. Bb2 Rc8 14. Rc1 Rf6 15. Qb3 Bh5 16. Ng1 Rg6 17. Bf1 dxc4 18. Qxc4 {½-½ (70) Anton Guijarro,D (2475)-Almagro Llamas,P (2454) Madrid 2012}) 11. Bd3 f5 12. b4 Be8 13. b5 Ne7 ({Black should play} 13... dxc4 $14 14. Qxc4 (14. Bxe4 fxe4 15. Qxe4 Na5 $17) 14... Na5) 14. cxd5 {[%emt 0:05:25] White leaves nothing to chance now.} exd5 15. O-O Rc8 16. a4 $1 Rf6 17. Ne5 c5 {[%emt 0:10:23] [#]} 18. dxc5 $1 Rxc5 19. Qb2 Qc7 {[%emt 0:05:09] [#]} (19... Ng6 $16 20. Nf3 Rc7) 20. Qd4 $1 $18 Ng6 21. Nf3 ({But not} 21. Bb2 b6 22. Nf3 h6) 21... Nf8 22. Ba3 Ne6 23. Qb2 Rc3 24. Rac1 Rxc1 25. Rxc1 ({Don't take} 25. Qxc1 $6 Qd8 26. Ne5 b6 $16) 25... Qd8 26. Nd4 Bd7 $2 (26... b6 {was necessary.} 27. f3 N4c5 28. Bxf5 Nxd4 29. exd4 Ne6) 27. f3 N4g5 28. Nxf5 {[%emt 0:00:46] And now Be7 would win.} Nc5 29. Bxc5 {[%emt 0:07:26] Threatens to win with Be7.} Bxf5 30. Bxf5 Rxf5 31. Bxa7 Ne6 32. Qc3 Rf8 33. a5 Qd7 34. Qd3 Ra8 35. Bb6 Re8 36. Rd1 d4 37. Bxd4 Rd8 {[%emt 0:00:37] [#]} (37... Nxd4 $18 38. exd4 h6) 38. Bxg7+ $1 {[%emt 0:01:06] White mates.} Qxg7 39. Qxd8+ $1 Nxd8 40. Rxd8+ Qg8 41. Rxg8+ Kxg8 {[%emt 0:30:04] Weighted Error Value: White=0.06 (flawless) /Black=0.46} 1-0

[Event "German Bundesliga 2021-22"]
[Site "Germany"]
[Date "2022.04.10"]
[Round "4.16"]
[White "Roseneck, Jonas"]
[Black "Rafiee, Makan"]
[Result "0-1"]
[ECO "D15"]
[WhiteElo "2376"]
[BlackElo "2338"]
[Annotator "NA RC"]
[PlyCount "50"]
[EventDate "2022.03.05"]
[EventType "team-tourn"]
[EventCountry "GER"]
[SourceTitle "playchess.com"]
[Source "ChessBase"]
[SourceQuality "1"]
[TimeControl "40/5400+30:1800+30"]

1. c4 c6 2. Nc3 d5 3. d4 Nf6 4. Nf3 a6 5. g3 Bf5 6. Bg2 b5 7. b3 h6 8. O-O e6 9. Bb2 Nbd7 10. a3 Ne4 11. Nd2 Nxd2 12. Qxd2 Nf6 13. f3 Be7 14. e4 Bh7 15. e5 Nd7 16. Nd1 dxc4 17. f4 cxb3 18. Bxc6 Rc8 19. d5 Bc5+ 20. Bd4 Rxc6 21. dxc6 Nb6 22. Bxc5 Qxd2 23. Ne3 Nd5 24. Rad1 Qc3 25. Rc1 Bc2 0-1

[Event "German Bundesliga 2021-22"]
[Site "Germany"]
[Date "2022.04.10"]
[Round "4.16"]
[White "Colbow, Collin"]
[Black "Moehn, Hans"]
[Result "1/2-1/2"]
[ECO "B43"]
[WhiteElo "2370"]
[BlackElo "2360"]
[Annotator "NA RC"]
[PlyCount "113"]
[EventDate "2022.03.05"]
[EventType "team-tourn"]
[EventCountry "GER"]
[SourceTitle "playchess.com"]
[Source "ChessBase"]
[SourceQuality "1"]
[TimeControl "40/5400+30:1800+30"]

1. e4 c5 2. Nf3 e6 3. d4 cxd4 4. Nxd4 a6 5. Nc3 Qc7 6. Bd3 Nf6 7. Qe2 Bd6 8. h3 Nc6 9. Nxc6 dxc6 10. O-O e5 11. a4 O-O 12. Bd2 b6 13. Nd1 Be6 14. Ne3 b5 15. b4 g6 16. c4 Nh5 17. Ng4 Rab8 18. axb5 axb5 19. cxb5 cxb5 20. Bxb5 Qb6 21. Ra6 Ng3 22. Qf3 Qxb5 23. Nh6+ Kg7 24. fxg3 Be7 25. Ra7 Rb7 26. Rxb7 Qxb7 27. Ng4 Bxg4 28. hxg4 Qb6+ 29. Kh2 Qe6 30. Rd1 Rb8 31. Rb1 Qa2 32. Qc3 Qxb1 33. Qxe5+ Bf6 34. Qxb8 Bd4 35. Bh6+ Kxh6 36. Qf8+ Bg7 37. g5+ Kxg5 38. Qxg7 Qxb4 39. Qxh7 Qxe4 40. Qxf7 Qe5 41. Qf8 Kg4 42. Qb4+ Kf5 43. Kh3 g5 44. g4+ Kg6 45. Qb6+ Kg7 46. Qb7+ Kg6 47. Qc6+ Kg7 48. Qd7+ Kg6 49. Qd3+ Kh6 50. Qf5 Qe3+ 51. Kh2 Qf4+ 52. Kh3 Qe3+ 53. g3 Qd2 54. Qe6+ Kg7 55. Qe5+ Kg6 56. Qe4+ Kg7 57. Qe5+ 1/2-1/2

[Event "German Bundesliga 2021-22"]
[Site "Germany"]
[Date "2022.04.10"]
[Round "4.16"]
[White "Pajeken, Jakob Leon"]
[Black "Lauber, Arnd"]
[Result "1/2-1/2"]
[ECO "A46"]
[WhiteElo "2370"]
[BlackElo "2411"]
[Annotator "TA"]
[PlyCount "136"]
[EventDate "2022.03.05"]
[EventType "team-tourn"]
[EventCountry "GER"]
[SourceTitle "playchess.com"]
[Source "ChessBase"]
[SourceQuality "1"]
[TimeControl "40/5400+30:1800+30"]

1. d4 Nf6 2. Nf3 e6 3. g3 c5 4. Bg2 cxd4 5. O-O d5 6. Nxd4 e5 7. Nb3 Be6 8. Bg5 {[%emt 0:00:00] D02: 1 d4 d5 2 Nf3 sidelines, including 2...Nf6 3 g3 and 2...Nf6 3 Bf4.} Nbd7 9. e4 dxe4 10. Nc3 Be7 11. Nxe4 Nxe4 12. Bxe7 Qxe7 13. Bxe4 Nf6 14. Bg2 O-O 15. Qe2 Bd5 16. Bxd5 Nxd5 17. Rfe1 Rfe8 18. Rad1 Nf6 19. Nd4 {[%emt 0:07:27][%cal Bb3d4,Bd4b5,Bb5d6][%mdl 32] [#]} Qc5 $146 ({Predecessor:} 19... a6 20. Nf5 Qe6 21. Nd6 Re7 22. Qc4 b5 23. Qxe6 Rxe6 24. c4 bxc4 25. Nxc4 e4 {½-½ (37) Mukashev,A (2256)-Hosseinipour,M (2251) Sharjah 2013}) 20. Nb5 e4 21. Nd6 Re6 22. Qb5 Qc7 {[%emt 0:05:13] [#]} (22... Qxc2 {seems wilder.} 23. Rc1 Qd3 24. Qxb7 Rf8) 23. Qc4 $1 Qxc4 24. Nxc4 Rc8 25. Rd4 b5 26. Ne3 h5 27. c4 bxc4 28. Nxc4 Rb8 29. b3 Rc8 30. h3 a6 31. Red1 g6 32. Kf1 (32. Rd6 $5 ) 32... Kg7 33. Ke2 (33. Rd6 $5 ) 33... h4 34. g4 Nh7 35. Rd5 {[%emt 0:02:27] Against Ng5} Kh6 36. Kf1 $1 Ng5 37. Kg2 Rf6 38. Re5 Rf4 39. Rdd5 (39. Rd7 $11 {keeps the balance.}) 39... Nf3 $17 40. Re7 Ne1+ $1 41. Kg1 Nd3 42. Rdd7 (42. Rd4 $17 Nxf2 43. Kg2) 42... Nxf2 $19 43. Kg2 Nd3 44. Rxf7 Ne1+ $2 (44... Rxf7 $19 45. Rxf7 Re8) 45. Kh1 ({White must play} 45. Kg1 $15 Nf3+ 46. Kg2 Rxf7 47. Rxf7) 45... Rxf7 46. Rxf7 {[%emt 0:00:00][%mdl 4096] Endgame KRN-KRN} Nf3 $2 (46... Rd8 $19 {White must now prevent ...Rd3.} 47. Rf1 Nf3) 47. Rd7 ({White should play} 47. Rf6 $11) 47... Ng5 48. Kg2 Rc6 (48... Rf8 $17 {And now ...Rf3 would win.} 49. Rd6 Kh7) 49. Rd2 (49. Rd6 $11 Rxd6 50. Nxd6) 49... Rf6 $1 $17 50. Ne5 {[%emt 0:00:00] [#] Inhibits Rf3.} (50. Rd6 $15 Rxd6 51. Nxd6) 50... Ne6 $1 $19 51. Kh2 {[%emt 0:00:00] [#]} e3 ({Black should try} 51... Rf1 $1 $17 {Strongly threatening ...Nf4.} 52. Re2 Nf4) 52. Re2 $1 $11 {[%emt 0:00:00] The position is equal.} Rf2+ 53. Rxf2 exf2 {[%emt 0:00:03] KN-KN} 54. Kg2 Nf4+ (54... Ng5 {looks sharper.} 55. b4 Nxh3 56. a4 Kg5) 55. Kxf2 Nxh3+ 56. Kf3 Ng5+ 57. Kg2 Ne6 58. Kh3 g5 59. b4 Kg7 60. a4 Kf6 61. Nd3 Ke7 62. b5 axb5 63. axb5 Kd6 64. b6 Kc6 65. Ne5+ Kxb6 66. Nf3 $1 Nf4+ 67. Kh2 Ne6 68. Kh3 Nf4+ {Weighted Error Value: White=0.24 (precise) /Black=0.21 (precise)} 1/2-1/2

[Event "German Bundesliga 2021-22"]
[Site "Germany"]
[Date "2022.04.30"]
[Round "5.1"]
[White "Sarana, Alexey"]
[Black "Wojtaszek, Radoslaw"]
[Result "1/2-1/2"]
[ECO "D38"]
[WhiteElo "2685"]
[BlackElo "2686"]
[Annotator "TA"]
[PlyCount "50"]
[EventDate "2022.03.05"]
[EventType "team-tourn"]
[EventCountry "GER"]
[SourceTitle "playchess.com"]
[Source "ChessBase"]
[SourceQuality "1"]
[TimeControl "40/5400+30:1800+30"]

1. d4 Nf6 2. c4 e6 3. Nf3 d5 4. Nc3 Bb4 5. Bg5 h6 6. Bxf6 Qxf6 7. Qa4+ Nc6 8. e3 O-O {[%emt 0:00:00] D38: Queen's Gambit Declined: Ragozin Defence (4 Nf3 Bb4).} 9. Be2 Bd7 {[%emt 0:00:00][%cal Oc6d4] [#] And now ...Nxd4! would win.} 10. Qb3 dxc4 {[%emt 0:00:00] White has an edge.} 11. Qxc4 Qg6 12. O-O Bd6 13. Rfd1 Na5 14. Qd3 Qxd3 $1 15. Bxd3 Nc6 {[%emt 0:00:00][%cal Ba5c6,Bc6b4,Bb4d5][%mdl 32] Prevents Ne5.} 16. Rac1 Rfd8 17. Ne4 Nb4 {[%emt 0:00:00] The position is equal.} 18. Bb1 Ba4 19. Rd2 Bc6 20. a3 Bxe4 21. Bxe4 Nd5 {[%emt 0:00:30] [#]} 22. Ne1 $146 ({Predecessor:} 22. g3 c6 23. Ne1 Nf6 24. Bf3 e5 25. dxe5 Bxe5 26. Rcd1 Rxd2 27. Rxd2 Bc7 28. Kf1 {½-½ (39) Fressinet,L (2720)-Bacrot,E (2695) Grosseto Prugna 2015}) 22... c6 23. Nd3 a5 24. g4 g5 25. Kg2 Kg7 {[%emt 0:06:30] An even fight not without its subleties.  Weighted Error Value: White=0.04 (flawless) /Black=0.01 (flawless)} 1/2-1/2

[Event "German Bundesliga 2021-22"]
[Site "Germany"]
[Date "2022.04.30"]
[Round "5.1"]
[White "Shevchenko, Kirill"]
[Black "Volokitin, Andrei"]
[Result "1-0"]
[ECO "B90"]
[WhiteElo "2652"]
[BlackElo "2687"]
[Annotator "TA"]
[PlyCount "69"]
[EventDate "2022.03.05"]
[EventType "team-tourn"]
[EventCountry "GER"]
[SourceTitle "playchess.com"]
[Source "ChessBase"]
[SourceQuality "1"]
[TimeControl "40/5400+30:1800+30"]

1. e4 c5 2. Nc3 d6 3. Nf3 Nf6 4. d4 cxd4 5. Nxd4 a6 6. Bd3 e5 7. Nde2 Be7 8. O-O O-O 9. Ng3 {[%emt 0:00:09] B90: Sicilian Najdorf: Unusual White 6th moves, 6 Be3 Ng4 and 6 Be3 e5.} Be6 10. Nd5 Bxd5 (10... Nbd7 {is more complex.} 11. c4 Nc5 12. Be3 Nxd3 13. Bb6 Qe8) 11. exd5 {[%emt 0:00:03] The position is equal.} g6 {[%emt 0:00:00] Inhibits Nf5.} 12. a4 $5 {[%emt 0:01:44][%mdl 4] An interesting side line.} Nbd7 13. a5 b5 (13... Nxd5 {is interesting.} 14. Bh6 Re8 15. Bxg6 hxg6 16. Qxd5 Qc7) 14. c4 b4 {[%emt 0:00:00] [#]} 15. Bc2 $146 ({Predecessor:} 15. b3 Nc5 16. Bc2 Nfd7 17. Bd2 Rb8 18. Qe1 Rb7 19. Ne2 Bg5 20. Bxb4 Qb8 21. Ba3 Nxb3 22. Bxb3 Rxb3 {1-0 (63) Van Foreest,J (2632)-Volokitin,A (2633) Germany 2019}) 15... Qc7 16. b3 Nc5 (16... Rab8 $11) 17. f4 $16 {[%emt 0:04:31] White leaves nothing to chance now.} exf4 18. Bxf4 Nfd7 {[%emt 0:04:16] [#]} 19. Nf5 $1 gxf5 20. Bxf5 Nf6 21. Rf3 {[%emt 0:08:57][%cal Bf1f3,Bf3e3,Be3h3][%mdl 1056] Threatens to win with Qd4. White has strong compensation.} Rfe8 (21... Nce4 $2 22. Qe1 Rfe8 23. Re3 $18 (23. Bxe4 Nxe4 24. Qxe4 Bf6 $18)) (21... Ncd7 $16) 22. Qd4 $1 $18 Qa7 (22... Nce4 $142) 23. Be3 {[%emt 0:09:05] A strong pair of Bishops.} Bd8 (23... Nxb3 24. Qh4 Nxa1 25. Bxa7 Rxa7 26. Rh3 $18) 24. Qf4 {[%emt 0:01:52] White threatens Rg3+ and mate.} Rxe3 25. Rxe3 (25. Qxe3 Ncd7 $11) 25... Ncd7 (25... Nxb3 26. Rd1 Nxa5 27. Kh1 $18) 26. Kh1 {[%emt 0:02:50] 0x0.0005ebddc807dp-1022s more active pieces.} Ne5 {[%emt 0:00:07] [#]} 27. Rae1 $1 Be7 28. g4 {[%emt 0:01:16][%cal Bg2g4,Bg4g5][%mdl 32] Hoping for g5.} Bf8 29. g5 $36 {[%emt 0:00:25][%mdl 2048] White is in control.} Nfd7 {[%emt 0:00:14] [#]} (29... Nh5 $2 30. Qh4 Ng6 31. Qxh5 $18) 30. Rh3 $1 (30. Qh4 Ng6 31. Qg3 Nde5 $11) 30... Ng6 $2 (30... Bg7 $16 {was necessary.}) 31. Bxg6 hxg6 $2 {[%emt 0:00:42] [#]} (31... fxg6 32. Rxh7 Kxh7 33. Qf7+ Bg7) 32. Re7 $3 Bxe7 (32... Ne5 33. Rxa7) 33. Qh4 {[%emt 0:00:01][%csl Gh3][%cal Rh4h8] White mates.} Qd4 34. Qxd4 Ne5 35. Qh4 {[%emt 0:00:04] Weighted Error Value: White=0.05 (flawless) /Black=0.29 (precise)} 1-0

[Event "German Bundesliga 2021-22"]
[Site "Germany"]
[Date "2022.04.30"]
[Round "5.1"]
[White "Postny, Evgeny"]
[Black "Huschenbeth, Niclas"]
[Result "1/2-1/2"]
[ECO "E54"]
[WhiteElo "2567"]
[BlackElo "2611"]
[Annotator "TA"]
[PlyCount "190"]
[EventDate "2022.03.05"]
[EventType "team-tourn"]
[EventCountry "GER"]
[SourceTitle "playchess.com"]
[Source "ChessBase"]
[SourceQuality "1"]
[TimeControl "40/5400+30:1800+30"]

1. d4 Nf6 2. c4 e6 3. Nc3 Bb4 4. e3 O-O 5. Nf3 d5 6. Bd3 dxc4 7. Bxc4 c5 8. O-O cxd4 9. exd4 b6 10. Bg5 h6 11. Bh4 Bb7 12. Rc1 Nc6 13. Bd3 Be7 14. Bb1 Nh5 15. Bg3 Nxg3 16. hxg3 Bf6 17. d5 exd5 18. Nxd5 Re8 19. Qd3 g6 20. Nxf6+ Qxf6 21. Qc3 Kg7 22. Rfd1 Rad8 23. Rxd8 Rxd8 24. Qxf6+ Kxf6 25. a3 g5 26. Be4 Rd6 27. Re1 Re6 28. Nd2 Kg7 29. Re3 Rd6 30. Rd3 Rxd3 31. Bxd3 Kf6 32. f4 Nd4 33. Kf2 Ke6 34. Ke3 Nf5+ 35. Kf2 f6 36. Nb1 Nd4 37. Nc3 Bc6 38. b4 Nf5 39. Bc2 Nd6 40. Bb3+ Kf5 41. Bc2+ Ke6 42. Bb3+ Kd7 43. Bg8 a5 44. Bb3 axb4 45. axb4 Ne4+ 46. Nxe4 Bxe4 47. Bc4 Kd6 48. Bb3 Kc6 49. Bc4 $1 Kd7 50. Bf7 Kd6 51. Bb3 Bd5 52. Bc2 Ke6 53. Bd3 Bc6 54. Be2 $1 Be4 55. Ba6 h5 56. Bc4+ Kf5 57. Be2 gxf4 58. Bxh5 fxg3+ 59. Kxg3 Ke5 60. Be8 Kd4 61. Kf2 Kc4 62. b5 Kc5 63. g4 Kd4 64. Bd7 Bd5 (64... Ke5 $5 ) 65. Bc6 Be6 66. Kf3 Ke5 67. Be8 Bb3 68. Bc6 Bd1+ 69. Kg3 Be2 70. Be8 Bd3 71. Bc6 Bg6 72. Kf3 Bf7 73. Ke3 Bc4 74. Kf3 Be6 75. Kg3 Bb3 76. Kf3 Bd1+ 77. Kg3 Be2 78. Be8 Ke4 79. Bc6+ Ke3 80. Bd7 Bd3 81. Be8 Be4 82. Bc6 Bg6 83. Bd7 Bf7 84. Bc6 Be6 85. Be8 f5 86. gxf5 Bxf5 87. Bc6 Bd3 88. Be8 $1 Kd4 89. Kf2 Kc5 90. Ke3 Bxb5 91. Bg6 Kc4 92. Kd2 Kb3 93. Kc1 Bc4 94. Be8 b5 95. Bxb5 $1 Bxb5 1/2-1/2